 Dungeon Crawl Stone Soup version 0.24-a0-203-gf0bc1e9 (webtiles) character file.

Game seed: 8937227872599281820

1992 nikopol the Spear-Bearer (level 9, -1/118 HPs)
             Began as a Minotaur Berserker on Mar 27, 2019.
             Was a Priest of Trog.
             Slain by a wight
             ... wielding a +8 flail of freezing
              (2 damage)
             ... on level 6 of the Dungeon.
             The game lasted 00:08:02 (3844 turns).

nikopol the Spear-Bearer (Minotaur Berserker)       Turns: 3844, Time: 00:08:03

Health: -1/118     AC:  7    Str: 30    XL:     9   Next: 1%
Magic:  8/8        EV: 12    Int:  4    God:    Trog [***...]
Gold:   278        SH:  0    Dex: 10    Spells: 8/8 levels left

rFire    . . .     SeeInvis .   n - +1 spear (venom)
rCold    . . .     Gourm    .   (no shield)
rNeg     . . .     Faith    .   f - +0 ring mail
rPois    .         Spirit   .   (helmet restricted)
rElec    .         Reflect  .   (no cloak)
rCorr    .         Harm     .   r - +0 pair of gloves
MR       .....                  (no boots)
Stlth    ..........             (no amulet)
HPRegen  0.29/turn              (no ring)
MPRegen  0.11/turn              (no ring)

@: berserking, drained, very quick
A: retaliatory headbutt, horns 2
a: Berserk, Trog's Hand, Renounce Religion


You were on level 6 of the Dungeon.
You worshipped Trog.
Trog was most pleased with you.
You were hungry.

You visited 1 branch of the dungeon, and saw 6 of its levels.

You collected 278 gold pieces.

Inventory:

Hand Weapons
 a - a +0 spear
 n - a +1 spear of venom (weapon)
 x - a +1 flail of protection
Missiles
 e - 100 arrows
Armour
 b - a +0 animal skin
 f - a +0 ring mail (worn)
 r - a +0 pair of gloves (worn)
Jewellery
 m - an uncursed amulet of the acrobat {unknown}
 q - an uncursed ring of stealth {unknown}
Wands
 v - a wand of scattershot (3)
 w - a wand of flame (7)
 G - a wand of iceblast (6)
Scrolls
 d - 8 scrolls of identify {unknown}
 g - a scroll of random uselessness {unknown}
 h - a scroll of magic mapping {unknown}
 i - 2 scrolls of enchant armour {unknown}
 k - a scroll of immolation {unknown}
 l - a scroll of blinking {unknown}
 o - 2 scrolls of noise {unknown}
 s - a scroll of enchant weapon {unknown}
 y - a scroll of teleportation {unknown}
 B - a scroll of remove curse {unknown}
 C - 2 scrolls of amnesia {unknown}
Potions
 j - a potion of mutation {unknown}
 p - a potion of lignification {unknown}
 t - a potion of degeneration {unknown}
 u - a potion of brilliance {unknown}
 z - a potion of haste {unknown}
 A - 3 potions of curing {unknown}
 D - a potion of flight {unknown}
 E - a potion of ambrosia {unknown}
Comestibles
 c - 13 rations
 F - 3 chunks of flesh


   Skills:
 + Level 7.0(6.1) Fighting
 + Level 10.4(9.4) Polearms
 + Level 6.8(5.8) Armour
 + Level 4.1(3.2) Dodging
 + Level 1.7(0.9) Stealth


You had 8 spell levels left.
You didn't know any spells.
Your spell library was empty.

Dungeon Overview and Level Annotations

Branches:
Dungeon (6/15)             Temple (0/1) D:5

Altars:
Hepliaklqana
Nemelex Xobeh
Zin


Innate Abilities, Weirdness & Mutations

You reflexively headbutt those who attack you in melee.
You have a pair of horns on your head.


Message History

You headbutt the wight!
The wight is severely damaged.
The wight completely misses you. You furiously retaliate!
You headbutt the wight!
You destroy the wight!
Trog accepts your kill.
Your base Fighting skill increases to level 7!
You have reached level 9!
Your experience leads to an increase in your attributes!
Your base attributes are Str 24, Int 4, Dex 10.
Increase (S)trength, (I)ntelligence, or (D)exterity?
You feel stronger.
The wight hits you from afar with a +4 halberd!
* * * LOW HITPOINT WARNING * * *
You feel drained.
* * * LOW HITPOINT WARNING * * *
The wight hits you with a +8 flail of freezing!
* * * LOW HITPOINT WARNING * * *
You feel drained.
You die...

.........### #.........
..........# ##........
..÷.......# ###÷.......
...÷.....[.##....##.....
..)......#......###....#
........##......(.###..#
.......###..............
............##..........
............ #.z@†...##.
......##.......).)...#
......###..##.#.z.......
......# ####........
......# .z.......
......# #........
##.......


zo..... You could see 4 wights and an orc priest.

Vanquished Creatures
  Pikel (D:4)
  Sigmund (D:2)
  Edmund (D:5)
  Duvessa (D:5)
  A black bear (D:6)
  An ice beast (D:5)
  A centaur (D:6)
  2 bullfrogs (D:6)
  Dowan (D:5)
  A scorpion (D:4)
  A wight (D:6)
  3 howler monkeys
  A crimson imp (D:5)
  A jelly (D:5)
  A bullfrog skeleton (D:6)
  An orc wizard (D:5)
  3 iguanas
  A worker ant (D:4)
  Ijyb (D:5)
  Natasha (thrice) (D:4)
  2 gnolls (D:3)
  A howler monkey skeleton (D:5)
  5 adders
  An adder zombie (D:5)
  2 worms
  2 dart slugs
  7 leopard geckos
  7 orcs
  14 bats
  4 giant cockroaches
  12 goblins
  7 hobgoblins
  4 jackals
  5 quokkas (D:3)
  2 ball pythons
  10 frilled lizards
  A jackal skeleton (D:5)
  9 kobolds
  6 rats
128 creatures vanquished.

Vanquished Creatures (others)
  A plant (D:3)
1 creature vanquished.

Grand Total: 129 creatures vanquished

Notes
Turn   | Place    | Note
-------+----------+-------------------------------------------
     0 | D:1      | nikopol the Minotaur Berserker began the quest for the Orb.
     0 | D:1      | Reached XP level 1. HP: 19/19 MP: 0/0
    94 | D:1      | Reached skill level 4 in Polearms
    94 | D:1      | Reached XP level 2. HP: 25/27 MP: 1/1
   434 | D:1      | You fall through a shaft!
   443 | D:2      | Reached XP level 3. HP: 33/33 MP: 2/2
   489 | D:2      | Reached ** piety under Trog
   740 | D:2      | Reached skill level 5 in Polearms
   758 | D:2      | Noticed Sigmund
   767 | D:2      | Killed Sigmund
   767 | D:2      | Reached skill level 6 in Polearms
   767 | D:2      | Reached XP level 4. HP: 39/41 MP: 3/3
   767 | D:2      | Reached XP level 5. HP: 44/47 MP: 4/4
  1240 | D:2      | Found a sparkling altar of Nemelex Xobeh.
  1491 | D:3      | Found a glowing silver altar of Zin.
  1504 | D:3      | Reached XP level 6. HP: 34/55 MP: 5/5
  2112 | D:3      | Reached skill level 5 in Fighting
  2229 | D:3      | Found a hazy altar of Hepliaklqana.
  2240 | D:3      | Reached *** piety under Trog
  2432 | D:4      | Noticed Natasha
  2437 | D:4      | Killed Natasha
  2443 | D:4      | Noticed a slave
  2443 | D:4      | Noticed a slave
  2443 | D:4      | Noticed Pikel
  2443 | D:4      | Noticed a slave
  2446 | D:4      | Noticed a slave
  2539 | D:4      | Noticed Natasha
  2545 | D:4      | Killed Natasha
  2545 | D:4      | Reached skill level 7 in Polearms
  2597 | D:4      | Killed Pikel
  2597 | D:4      | Reached skill level 8 in Polearms
  2597 | D:4      | Reached skill level 5 in Armour
  2597 | D:4      | Reached skill level 1 in Stealth
  2597 | D:4      | Reached XP level 7. HP: 62/62 MP: 6/6
  2707 | D:4      | Noticed Natasha
  2724 | D:4      | Killed Natasha
  2893 | D:5      | Entered Level 5 of the Dungeon
  2908 | D:5      | Found a staircase to the Ecumenical Temple.
  2955 | D:5      | Noticed Dowan
  2955 | D:5      | Noticed Duvessa
  2959 | D:5      | Reached XP level 8. HP: 54/70 MP: 7/7
  2968 | D:5      | Killed Duvessa
  2968 | D:5      | Reached skill level 9 in Polearms
  2972 | D:5      | Killed Dowan
  3137 | D:5      | Noticed Ijyb
  3146 | D:5      | Killed Ijyb
  3217 | D:5      | Noticed Edmund
  3227 | D:5      | Killed Edmund
  3505 | D:5      | Reached skill level 10 in Polearms
  3844 | D:6      | Reached XP level 9. HP: 23/79 MP: 8/8
  3844 | D:6      | HP: 1/118 [wight/+8 flail of freezing (7)]
  3844 | D:6      | Slain by a wight

Levels and vault maps discovered:
D:1:      minmay_arrival_three_doors, layout_basic, st_stairs_11,
          grunt_decor_mini_mirrors, dk_noncrumbling_4
D:2:      layout_loops_ring, nicolae_overflow_hidden_temple,
          chequers_serial_rivers_small_3, uniq_sigmund, uniq_robin
D:3:      wad_woods_stonehenge, layout_basic, nicolae_overflow_crystal_walls
D:4:      cheibrodos_old_hovel, layout_rooms, first_ration, uniq_natasha,
          uniq_pikel
D:5:      layout_basic, minmay_temple_entry_trees, uniq_duvessa, uniq_edmund,
          uniq_ijyb
D:6:      layout_cave_pools

Skill      XL: |  1  2  3  4  5  6  7  8 |
---------------+-------------------------+-----
Polearms       | 4 6 8 10 | 10.4
Fighting       | 4 5 7 |  7.0
Armour         | 3 5 6 |  6.8
Dodging        | 3 4 |  4.1
Stealth        | 1 |  1.7

Action                   |  1- 3 |  4- 6 |  7- 9 || total
-------------------------+-------+-------+-------++-------
Melee: Spear             |   106 |   119 |   143 ||   368
       Headbutt          |     9 |    19 |    24 ||    52
Invok: Berserk           |     1 |     2 |     3 ||     6
  Eat: Chunk             |       |     7 |     7 ||    14
Armor: Animal skin       |     5 |       |       ||     5
       Ring mail         |    11 |    14 |    22 ||    47
Dodge: Dodged            |    45 |    42 |    48 ||   135

Table legend:
 A = Non-vault XP
 B = Vault XP
 C = Vault XP percentage of total XP
 D = Non-vault monster count
 E = Vault monster count
 F = Vault count percentage of total count
                 A         B        C        D         E       F
            +---------+---------+-------+---------+---------+-------
      Total |    1438 |    1408 |  49.5 |     109 |      19 |  14.8
            +---------+---------+-------+---------+---------+-------
        D:1 |      32 |       6 |  15.8 |      19 |       4 |  17.4
        D:2 |      71 |     238 |  77.0 |      32 |       1 |   3.0
        D:3 |      47 |      52 |  52.5 |      22 |       8 |  26.7
        D:4 |     232 |     699 |  75.1 |      12 |       2 |  14.3
        D:5 |     406 |     413 |  50.4 |      13 |       4 |  23.5
        D:6 |     650 |       0 |   0.0 |      11 |       0 |   0.0
            +---------+---------+-------+---------+---------+-------
